 Dungeon Crawl Stone Soup version 0.32-a0-484-g2eb335deba (webtiles) character file.

Game seed: 3155204964823832398

45 Alarak the Trooper (level 3, 0/33 HPs)
             Began as a Formicid Fighter on Feb 26, 2024.
             Slain by a goblin
             ... wielding a +0 club
             ... led by Robin
              (3 damage)
             ... on level 2 of the Dungeon.
             The game lasted 00:02:44 (1236 turns).

Alarak the Trooper (Formicid Fighter)               Turns: 1236, Time: 00:02:45

Health: 0/33       AC: 14    Str: 22    XL:     3   Next: 90%
Magic:  3/3        EV:  6    Int:  7    God:
Gold:   53         SH:  5    Dex: 13    Spells: 2/2 levels left

rFire   . . .        a - +0 war axe
rCold   . . .        c - +0 buckler
rNeg    . . .        j - +0 plate armour
rPois   .            (helmet unavailable)
rElec   .            h - +1 cloak
rCorr   .            i - +0 pair of gloves
SInv    +            (no boots)
Will    .....        (no amulet) Stlth
                     (no ring)
HPRegen 0.25/turn    (no ring)
MPRegen 0.08/turn

%: no passive effects
@: mighty
A: permanent stasis, dig shafts and tunnels, antennae 3, four strong arms
a: Dig, Shaft Self


You were on level 2 of the Dungeon.
You visited 1 branch of the dungeon, and saw 2 of its levels.

You collected 53 gold pieces.

Inventory:

Hand Weapons
 a - a +0 war axe (weapon)
Armour
 c - a +0 buckler (worn)
 h - a +1 cloak (worn)
 i - a +0 pair of gloves (worn)
 j - a +0 plate armour (worn)


   Skills:
 + Level 5.0 Fighting
 - Level 2.0 Axes
 - Level 3.2 Armour
 - Level 4.0 Shields


You had 2 spell levels left.
You didn't know any spells.
Your spell library contained the following spells:

 Spells                   Type           Power      Damage    Failure   Level
 Slow                     Hex            0%         N/A       100%        1
 Lesser Beckoning         Tloc           0%         N/A       100%        2
 Confusing Touch          Hex            0%         N/A       100%        3
 Gell's Gravitas          Tloc           0%         N/A       100%        3
 Sigil of Binding         Hex            0%         N/A       100%        3
 Teleport Other           Tloc           0%         N/A       100%        3
 Vampiric Draining        Necr           0%         2d6       100%        3


Dungeon Overview and Level Annotations

Branches:
Dungeon (2/15)

Altars:

Annotations:
D:2 Robin


Innate Abilities, Weirdness & Mutations

You cannot be hasted, slowed, berserked, paralysed or teleported.
You can dig through walls and to a lower floor.
You have a pair of large antennae on your head. (SInv)
Your four strong arms can wield two-handed weapons with a shield.


Message History

You closely miss the goblin. You slash the goblin!
You kill the goblin!
You feel very sick.
The goblin no longer looks unusually strong. x2
The goblin hits you but does no damage. You block the goblin's attack.
The goblin hits you but does no damage.
You closely miss the goblin. x2
You feel very sick.
The goblin no longer looks unusually strong.
The goblin hits you but does no damage. The goblin hits you with a +0 club.
You feel sick. The goblin attacks as it pursues you!
The goblin hits you but does no damage.
Things that are here:
a +0 dagger of venom; a +0 sling; a goblin corpse You closely miss the goblin.
You feel sick.
The goblin no longer looks unusually strong.
Robin roars a battlecry!
The goblins go into a battle-frenzy!
The goblin hits you but does no damage. x2
You slash the goblin!
You kill the goblin!
You feel sick.
It was a potion of curing.
You feel better. You block the goblin's attack.
You slash the goblin!
You kill the goblin!
You barely miss the goblin.
The goblin hits you but does no damage. x2
You miss the goblin. The goblin hits you with a +0 club.
You slash the goblin!
You kill the goblin!
The goblin hits you with a +3 dagger of holy wrath!
* * * LOW HITPOINT WARNING * * *
Your Fighting skill increases to level 5!
You slash the goblin!
You kill the goblin!
You barely miss Robin. Robin barely misses you. Robin throws the goblin at you!
You barely miss Robin. You closely miss the goblin.
Robin hits you with a +0 whip.
* * * LOW HITPOINT WARNING * * *
The goblin hits you with a +0 club.
You die...

########## .........#
##..####.# #..####.###
#.ยง.......# #.)####.#.#
#.)g@g..#.###########
g.....#######............
#.##g #####........ #,
#[....... #........
#........ #........
#........ #####.###


You could see Robin and a goblin (strong).

Vanquished Creatures
  3 dart slugs (D:1)
  2 ball pythons (D:1)
  An endoplasm (D:2)
  A giant cockroach (D:1)
  11 goblins
  4 hobgoblins
  A quokka (D:2)
  4 bats (D:1)
  3 frilled lizards
  3 kobolds (D:1)
  4 rats
37 creatures vanquished.

Notes
Turn   | Place    | Note
-------+----------+-------------------------------------------
     0 | D:1      | Alarak the Formicid Fighter began the quest for the Orb.
     0 | D:1      | Reached XP level 1. HP: 18/18 MP: 1/1
   180 | D:1      | Reached XP level 2. HP: 25/25 MP: 2/2
   182 | D:1      | Reached skill level 4 in Fighting
   338 | D:1      | Found a faded altar of an unknown god.
   397 | D:1      | Reached XP level 3. HP: 31/31 MP: 3/3
  1211 | D:2      | Noticed Robin
  1234 | D:2      | Reached skill level 5 in Fighting
  1236 | D:2      | Slain by a goblin

Illustrated notes

Levels and vault maps discovered:
D:1:      psy_arrival_statuary, layout_basic, chequers_ecumenical_altar_island,
          minivault_23
D:2:      layout_loops_cross, minmay_misc_feat_ornament, uniq_robin

Skill      XL: |  1  2  3 |
---------------+----------+-----
Fighting       | 4 5 |  5.0
Axes           | |  2.0
Armour         | |  3.2
Shields        | |  4.0

Action                     || total
---------------------------++-------
  Melee: War axe           ||    88
    Use: Scroll            ||     3
         Potion            ||     3
 Armour: Scale mail        ||    39
         Plate armour      ||    47
  Dodge: Dodged            ||    43
  Block: Buckler           ||    30

Table legend: (Time is in decaauts)
 A = Elapsed time spent in this place.
 B = Non-inter-level travel time spent in this place.
 C = Inter-level travel time spent in this place.
 D = Time resting spent in this place.
 E = Time spent auto-exploring this place.
 F = Levels seen in this place.
 G = Mean time per level.
                   A        B        C        D        E       F      G
               +--------+--------+--------+--------+--------+-----+--------+
         Total |   1282 |   1151 |    131 |      0 |    881 |   2 |  641.0 |
       Dungeon |   1282 |   1151 |    131 |      0 |    881 |   2 |  641.0 |
               +--------+--------+--------+--------+--------+-----+--------+

Top non-repeatable levels by time:
     D:1: 1101 daAuts
     D:2: 180 daAuts
